 Dungeon Crawl Stone Soup version 0.29-a0-322-g68df515428 (webtiles) character file.

Game seed: 13587194920724747248

2 SkeletonJelly the Skirmisher (level 1, -3/19 HPs)
             Began as a Draconian Monk on Apr 9, 2022.
             Slain by a kobold
             ... wielding a +0 short sword
              (5 damage)
             ... on level 1 of the Dungeon.
             The game lasted 00:00:14 (131 turns).

SkeletonJelly the Skirmisher (Draconian Monk)        Turns: 131, Time: 00:00:14

Health: -3/19      AC:  4    Str: 13    XL:     1   Next: 33%
Magic:  1/1        EV: 12    Int: 10    God:
Gold:   5          SH:  0    Dex: 13    Spells: 0/0 levels left

rFire   . . .      SeeInvis .   a - +0 falchion
rCold   . . .      Faith    .   (no shield)
rNeg    . . .      Spirit   .   (body armour unavailable)
rPois   .          Reflect  .   (helmet restricted)
rElec   .          Harm     .   (no cloak)
rCorr   .          Rampage  .   (no gloves)
Will    .....                   (no boots)
Stlth   ++........              (no amulet)
HPRegen 0.06/turn               (no ring)
MPRegen 0.07/turn               (no ring)

@: no status effects
A: AC +4, unfitting armour, cold-blooded
a: no special abilities


You were on level 1 of the Dungeon.
You visited 1 branch of the dungeon, and saw 1 of its levels.

You collected 5 gold pieces.

Inventory:

Hand Weapons
 a - a +0 falchion (weapon)
Potions
 b - a potion of ambrosia


   Skills:
 + Level 3.3 Fighting
 * Level 3.1 Long Blades
 - Level 2.6 Dodging
 - Level 1.7 Stealth


You couldn't memorise any spells.
You didn't know any spells.
Your spell library was empty.

Dungeon Overview and Level Annotations

Branches:
Dungeon (1/15)

Altars:


Innate Abilities, Weirdness & Mutations

Your plain brown scales are hard. (AC +4)
You cannot fit into any form of body armour.
You are cold-blooded and may be slowed by cold attacks.


Message History

Welcome, SkeletonJelly the Draconian Monk.
The Orb of Zot is coveted for many reasons.
Will you seize it for your own?
Press ? for a list of commands and other information.
Found a staircase leading out of the dungeon.
Nothing quivered!
Nothing quivered!
Nothing quivered!
Nothing quivered!
Nothing quivered!
You open the door.
A giant cockroach and an endoplasm come into view.
Found 5 gold pieces.
There are monsters nearby!
There are monsters nearby!
There are monsters nearby!
There is an open door here.
The helpless endoplasm fails to defend itself.
You hit the endoplasm.
The endoplasm is moderately wounded.
The giant cockroach bites you but does no damage.
The endoplasm barely misses you.
You barely miss the endoplasm.
The endoplasm is moderately wounded.
The giant cockroach bites you. The endoplasm freezes you.
You are frozen.
You feel yourself slow down.
You take 6 damage, and have 13/19 hp.
MASSIVE DAMAGE!!
You hit the endoplasm.
You kill the endoplasm!
The giant cockroach barely misses you. x2
You hit the giant cockroach.
You kill the giant cockroach!
No target in view!
No target in view!
No target in view!
No target in view!
No target in view!
No target in view!
You feel yourself speed up.
Key pressed, stopping explore.
HP restored.
You now have 5 gold pieces.
Found a rapier.
Health restored: 19 A kobold comes into view.
It is wielding a +0 short sword.
Found a scroll labelled VIRGHI LODYTOKH.
A kobold is nearby!
A kobold is nearby!
A kobold is nearby!
A kobold is nearby!
A kobold and a ball python come into view.
You see here a sapphire potion.
Found 19 stones.
Found a leather armour and a pair of boots.
The kobold shouts!
The kobold closely misses you.
You closely miss the kobold. The kobold barely misses you.
The kobold shouts!
You closely miss the kobold.
The ball python hisses angrily.
The kobold hits you but does no damage. The kobold closely misses you.
The kobold misses you.
The kobold hits you with a +0 short sword.
You take 3 damage, and have 16/19 hp.
You closely miss the kobold.
The ball python bites you but does no damage.
The ball python completely misses you. The kobold barely misses you. x2
The ball python bites you but does no damage.
The ball python misses you.
You barely miss the kobold. The ball python bites you.
The ball python grabs you. The ball python constricts you.
The kobold barely misses you.
The kobold hits you with a +0 short sword.
You take 3 damage, and have 13/19 hp.
You completely miss the ball python. The ball python barely misses you.
The ball python constricts you.
The kobold hits you with a +0 short sword.
The kobold barely misses you. The ball python closely misses you.
The ball python constricts you.
You take 4 damage, and have 9/19 hp.
MASSIVE DAMAGE!!
You are too injured to fight recklessly!
You are too injured to fight recklessly!
You are too injured to fight recklessly!
You are too injured to fight recklessly!
You are too injured to fight recklessly!
You are too injured to fight recklessly!
You are too injured to fight recklessly!
You escape the ball python's grasp.
The kobold attacks as you move away! The kobold closely misses you.
The kobold attacks as you move away!
The kobold hits you with a +0 short sword.
You take 3 damage, and have 6/19 hp.
The kobold attacks as you move away!
The kobold hits you with a +0 short sword.
* * * LOW HITPOINT WARNING * * *
You see here a sapphire potion.
You take 5 damage, and have 1/19 hp.
MASSIVE DAMAGE!!
The kobold attacks as you move away!
The kobold hits you with a +0 short sword.
You die...

.... #..# .# ..... #..#
...# .....##..# #...#
......#..# #...#
......#.. #...#
.....#.#######...#
######.............####
+...........@KKS..)....
.
#######..######!.#####
.. #........##
##.....###..#
#.........#
#..........#
#.........#
#.......?..#
#..........#
#..........#
###'######.#
#..........# #.# +#
#..........# ##.##
.............#


You could see a ball python and 2 kobolds.

Vanquished Creatures
  An endoplasm (D:1)
  A giant cockroach (D:1)
2 creatures vanquished.

Notes
Turn   | Place    | Note
-------+----------+-------------------------------------------
     0 | D:1      | SkeletonJelly the Draconian Monk began the quest for the
                  | Orb.
     0 | D:1      | Reached XP level 1. HP: 19/19 MP: 1/1
   131 | D:1      | Slain by a kobold

Illustrated notes

Levels and vault maps discovered:
D:1:      evilmike_arrival_plus, layout_basic, dreamdust_ecumenical_altar_grove,
          serial_shops, shop, minmay_parallelograms

Action                   || total
-------------------------++-------
Melee: Falchion          ||     9
 Stab: Sleeping          ||     1
Armor: Skin              ||     4
Dodge: Dodged            ||    16

Table legend: (Time is in decaauts)
 A = Elapsed time spent in this place.
 B = Non-inter-level travel time spent in this place.
 C = Inter-level travel time spent in this place.
 D = Time resting spent in this place.
 E = Time spent auto-exploring this place.
 F = Levels seen in this place.
 G = Mean time per level.
                   A        B        C        D        E       F      G
               +--------+--------+--------+--------+--------+-----+--------+
         Total |    134 |    134 |      0 |      0 |    106 |   1 |  134.0 |
       Dungeon |    134 |    134 |      0 |      0 |    106 |   1 |  134.0 |
               +--------+--------+--------+--------+--------+-----+--------+

Top non-repeatable levels by time:
     D:1: 134 daAuts
